 Dungeon Crawl Stone Soup version 0.32-a0-12-g7fc57aa741 (webtiles) character file.

Game seed: 14060951177030652813

38 mandarbmax the Shooter (level 3, -1/27 HPs)
             Began as a Formicid Hunter on Jan 14, 2024.
             Slain by an adder (2 damage)
             ... on level 2 of the Dungeon.
             The game lasted 00:01:48 (875 turns).

mandarbmax the Shooter (Formicid Hunter)             Turns: 875, Time: 00:01:48

Health: -1/27      AC:  3    Str: 15    XL:     3   Next: 65%
Magic:  3/3        EV: 12    Int:  8    God:
Gold:   45         SH:  0    Dex: 19    Spells: 2/2 levels left

rFire   + . .        a - +0 shortbow
rCold   + . .        (no shield)
rNeg    . . .        c - +0 leather armour
rPois   +            (helmet unavailable)
rElec   +            (no cloak)
rCorr   +            (no gloves)
SInv    +            (no boots)
Will    .....        (no amulet)
Stlth   ++           (no ring)
HPRegen 0.24/turn    (no ring)
MPRegen 0.08/turn

%: no passive effects
@: resistant
A: permanent stasis, dig shafts and tunnels, antennae 3, four strong arms
a: Dig, Shaft Self


You were on level 2 of the Dungeon.
You visited 1 branch of the dungeon, and saw 2 of its levels.

You collected 45 gold pieces.

Inventory:

Hand Weapons
 a - a +0 shortbow (weapon)
Armour
 c - a +0 leather armour (worn)
Scrolls
 f - a scroll of acquirement


   Skills:
 - Level 2.1 Fighting
 + Level 5.0 Ranged Weapons
 - Level 2.0 Dodging
 - Level 1.2 Stealth


You had 2 spell levels left.
You didn't know any spells.
Your spell library was empty.

Dungeon Overview and Level Annotations

Branches:
Dungeon (2/15)

Altars:


Innate Abilities, Weirdness & Mutations

You cannot be hasted, slowed, berserked, paralysed or teleported.
You can dig through walls and to a lower floor.
You have a pair of large antennae on your head. (SInv)
Your four strong arms can wield two-handed weapons with a shield.


Message History

As you read the scroll labelled JOAHEWN MICEAXT, it crumbles to dust.
It is a scroll of identify.
f - a scroll of acquirement
As you read the scroll labelled ZUETICL ATRO, it dissolves into smoke.
It was a scroll of fog.
Nothing appears to happen.
As you read the scroll labelled LIMEFOH TOANUM, it crumbles to dust.
It was a scroll of poison.
The adder barely misses you.
Non-targeted abil: Dig
Press: ? - help, Q - select action, (/) - cycle Dir - look around, f - activate You extend your mandibles.
Unknown command.
Unknown command.
Fire: a) +0 shortbow
Press: ? - help, Q - select action, (/) - cycle Shift-Dir - straight line, f - adder
Aim: an adder (blue smoke, lightly wounded, 48% to hit)
You shoot an arrow. The arrow hits the adder!
The adder is severely wounded.
The adder bites you.
* * * LOW HITPOINT WARNING * * *
Fire: a) +0 shortbow
Press: ? - help, Q - select action, (/) - cycle Shift-Dir - straight line, f/p - adder
Aim: an adder (blue smoke, severely wounded, 48% to hit)
You shoot an arrow. The arrow closely misses the adder.
The adder completely misses you. The adder misses you.
Fire: a) +0 shortbow
Press: ? - help, Q - select action, (/) - cycle Shift-Dir - straight line, f/p - adder
Aim: an adder (blue smoke, severely wounded, 48% to hit)
You shoot an arrow.
The arrow hits the adder but does no damage.
The adder is severely wounded.
The adder misses you.
Fire: a) +0 shortbow
Press: ? - help, Q - select action, (/) - cycle Shift-Dir - straight line, f/p - adder
Aim: an adder (blue smoke, severely wounded, 48% to hit)
You shoot an arrow. The arrow barely misses the adder.
The adder bites you.
* * * LOW HITPOINT WARNING * * *
The adder bites you.
You die...

#..........# #.#.#
#..........# #.#.#
#..........# #.#.#
#b.........# #<#.#
#.......b..# #.#.#
#..........# ###.#
#....bb....# #§#
#.....b.bSb# ##§#
#.......b..# #§@#
#....b..b{.# #S##
#....b.....# #§#
#.......b.S####§#####.#
######....b...........#
#.####b#...######..
#.####.#.### #......>.#
##########


You could see an adder.

Vanquished Creatures
  An adder (D:2)
  A dart slug (D:1)
  2 endoplasms (D:1)
  A giant cockroach (D:1)
  3 goblins
  4 jackals (D:1)
  3 quokkas
  2 ball pythons (D:1)
  5 bats
  3 rats (D:1)
25 creatures vanquished.

Notes
Turn   | Place    | Note
-------+----------+-------------------------------------------
     0 | D:1      | mandarbmax the Formicid Hunter began the quest for the Orb.
     0 | D:1      | Reached XP level 1. HP: 16/16 MP: 1/1
    33 | D:1      | Reached XP level 2. HP: 16/22 MP: 2/2
   515 | D:1      | Reached XP level 3. HP: 27/27 MP: 3/3
   839 | D:2      | Reached skill level 5 in Ranged Weapons
   852 | D:2      | HP: 1/27 [poisoned by an adder]
   869 | D:2      | Identified a scroll of acquirement
   875 | D:2      | HP: 1/27 [adder (3)]
   875 | D:2      | Slain by an adder

Illustrated notes

Levels and vault maps discovered:
D:1:      minmay_arrival_four_circles, layout_loops_ring
D:2:      layout_basic, kennysheep_generic_room_5

Skill      XL: |  1  2  3 |
---------------+----------+-----
Dodging        | 2 |  2.0
Ranged Weapons | 5 |  5.0
Fighting       | |  2.1
Stealth        | |  1.2

Action                     || total
---------------------------++-------
   Fire: Shortbow          ||    88
Ability: Dig               ||     1
    Use: Scroll            ||     4
         Potion            ||     1
 Armour: Leather armour    ||    35
  Dodge: Dodged            ||    50

Table legend: (Time is in decaauts)
 A = Elapsed time spent in this place.
 B = Non-inter-level travel time spent in this place.
 C = Inter-level travel time spent in this place.
 D = Time resting spent in this place.
 E = Time spent auto-exploring this place.
 F = Levels seen in this place.
 G = Mean time per level.
                   A        B        C        D        E       F      G
               +--------+--------+--------+--------+--------+-----+--------+
         Total |    892 |    860 |     32 |      0 |    673 |   2 |  446.0 |
       Dungeon |    892 |    860 |     32 |      0 |    673 |   2 |  446.0 |
               +--------+--------+--------+--------+--------+-----+--------+

Top non-repeatable levels by time:
     D:1: 748 daAuts
     D:2: 144 daAuts
